 Dungeon Crawl Stone Soup version 0.30-a0-851-gbd0d260d8e (webtiles) character file.

Game seed: 17109062916334348352

11244 Jossarian the Thaumaturge (level 11, -7/47 HPs)
             Began as a Spriggan Conjurer on Mar 4, 2023.
             Was an Elder of Vehumet.
             Mangled by a two-headed ogre
             ... wielding a +0 giant spiked club
              (26 damage)
             ... on level 1 of the Orcish Mines.
             The game lasted 04:07:23 (19454 turns).

Jossarian the Thaumaturge (Spriggan Conjurer)      Turns: 19454, Time: 04:07:23

Health: -7/47      AC:  4    Str:  5    XL:     11   Next: 46%
Magic:  47/47      EV: 18    Int: 22    God:    Vehumet [****..]
Gold:   859        SH:  5    Dex: 14    Spells: 6/37 levels left

rFire   . . .      SeeInvis +    A - +1 dagger of Corporal Punishment {freeze, rPois Stlth+}
rCold   . . .      Faith    .    (no shield)
rNeg    . . .      Spirit   .    a - +0 robe
rPois   +          Reflect  +    (helmet restricted)
rElec   .          Rampage  .    q - +1 cloak
rCorr   .                        (gloves unavailable)
Will    +....                    (boots unavailable)
Stlth   ++++                     y - amulet of reflection
HPRegen 0.27/turn                e - ring of magical power
MPRegen 0.30/turn                J - ring of magical power

@: studying Armour, very quick
A: very small, no large weapons, unfitting armour, see invisible, speed 3
a: Renounce Religion


You were on level 1 of the Orcish Mines.
You worshipped Vehumet.
Vehumet was greatly pleased with you.
You visited 4 branches of the dungeon, and saw 15 of its levels.

You collected 885 gold pieces.
You spent 26 gold pieces at shops.

Inventory:

Hand Weapons
 p - a +4 quarterstaff of chaos
 A - the +1 dagger of Corporal Punishment (weapon) {freeze, rPois Stlth+}
   (You found it on level 8 of the Dungeon)

   rPois:     It protects you from poison.
   Stlth:     It makes you more stealthy.
 D - a +1 sling of freezing
Missiles
 d - 100 stones
 m - 11 poisoned darts (quivered)
 E - 2 boomerangs of dispersal
 G - a curare-tipped dart
Armour
 a - a +0 robe (worn)
 q - a +1 cloak (worn)
Magical Staves
 k - a staff of air
 v - a staff of conjuration
Jewellery
 c - a ring of ice
 e - a ring of magical power (left hand)
 s - a ring of willpower
 y - an amulet of reflection (around neck)
 J - a ring of magical power (right hand)
 K - a ring of ice
Wands
 l - a wand of flame (5)
 x - a wand of acid (7)
Scrolls
 i - 3 scrolls of poison
 n - 5 scrolls of teleportation
 o - 2 scrolls of magic mapping
 u - 2 scrolls of fog
 w - a scroll of enchant armour
 C - a scroll of silence
 F - a scroll of immolation
 H - a scroll of identify
Potions
 b - 2 potions of cancellation
 f - 8 potions of curing
 g - 4 potions of heal wounds
 h - 2 potions of haste
 j - 2 potions of lignification
 r - 2 potions of magic
 t - 2 potions of attraction
 z - 2 potions of berserk rage
 B - 2 potions of ambrosia
Miscellaneous
 I - a phantom mirror


   Skills:
 + Level 2.6 Throwing
 + Level 4.4 Dodging
 + Level 5.0 Stealth
 + Level 0.2 Shields
 + Level 13.5 Spellcasting
 + Level 8.5 Conjurations
 + Level 5.5 Hexes
 + Level 2.0 Summonings
 + Level 0.3 Fire Magic
 + Level 0.8 Ice Magic
 + Level 4.1 Air Magic
 + Level 1.4 Earth Magic
 + Level 4.3 Poison Magic
 + Level 0.5 Evocations


You had 6 spell levels left.
You knew the following spells:

 Your Spells              Type           Power      Damage    Failure   Level
a - Magic Dart            Conj           100%       1d8       1%          1
b - Searing Ray           Conj           100%       2d8       1%          2
c - Mephitic Cloud        Conj/Pois/Air  39%        N/A       1%          3
d - Call Imp              Summ           23%        N/A       2%          2
e - Freeze                Ice            72%        1d8       1%          1
f - Shock                 Conj/Air       100%       1d9       1%          1
g - Summon Guardian Gole  Hex/Summ       31%        N/A       2%          3
h - Slow                  Hex            100%       N/A       1%          1
i - Fulminant Prism       Conj/Hex       22%        3d12      1%          4
j - Stone Arrow           Conj/Erth      72%        3d11      1%          3
k - Fireball              Conj/Fire      17%        3d9       5%          5
l - Iskenderun's Battles  Conj           51%        2d10      1%          5

Your spell library contained the following spells:

 Spells                   Type           Power      Damage    Failure   Level
 Irradiate                Conj/Tmut      16%        3d17      5%          5
 Summon Small Mammal      Summ           92%        N/A       1%          1
 Confusing Touch          Hex            39%        N/A       1%          3
 Dazzling Flash           Conj/Hex       90%        N/A       1%          3
 Kindle Blastsparks       Fire/Tloc/Air  42%        2d13      1%          3
 Iskenderun's Mystic Bla  Conj/Tloc      33%        2d8       2%          4
 Apportation              Tloc           28%        N/A       4%          1
 Necrotise                Necr           56%        1d6       4%          1
 Portal Projectile        Hex/Tloc       54%        N/A       4%          3
 Call Canine Familiar     Summ           23%        N/A       5%          3
 Leda's Liquefaction      Hex/Erth       15%        N/A       10%         4
 Vampiric Draining        Necr           14%        2d7       13%         3
 Conjure Ball Lightning   Conj/Air       21%        3x3d6     13%         6
 Lee's Rapid Deconstruct  Erth           10%        3d8*      17%         5
 Summon Mana Viper        Hex/Summ       31%        N/A       24%         5
 Summon Forest            Summ/Tloc      9%         N/A       61%         5
 Summon Cactus Giant      Summ           11%        N/A       96%         6
 Orb of Destruction       Conj           25%        9d9       28%         7


Dungeon Overview and Level Annotations

Branches:
Dungeon (11/15)            Temple (1/1) D:6            Lair (2/5) D:10
    Orc (1/2) D:11
  Swamp: Lair:2-3    Shoals: Lair:2-3     Snake: Lair:2-3    Spider: Lair:2-3

Altars:
Ashenzari
Dithmenos
Elyvilon
Fedhas
Gozag
Hepliaklqana
Makhleb
Nemelex Xobeh
Okawaru
Sif Muna
Trog
Uskayaw
Vehumet
Xom
Yredelemnul
Zin
The Shining One

Shops:
D:3 ?   D:10 (

Annotations:
D:9 Amaemon
Lair:2 Gastronok


Innate Abilities, Weirdness & Mutations

You are very small and have problems with some larger weapons.
You are too small for most types of armour.
You have supernaturally acute eyesight. (SInv)
You cover ground extremely quickly. (Speed+++)


Message History

Casting: Freeze (safe; 1% risk of failure)
Confirm with . or Enter, or press ? or * to list all spells.
Aiming: Slow (safe; 1% risk of failure)
Press: ? - help, Shift-Dir - straight line, f/p - orc warrior
Aim: an orc warrior, wielding a +2 heavy scimitar and wearing a +0 plate armour (moderately wounded, strong, chance to affect: 56%)
The orc warrior seems to slow down.
The orc warrior hits you with a +2 heavy scimitar!
Casting: Slow (safe; 1% risk of failure)
Confirm with . or Enter, or press ? or * to list all spells.
Aiming: Searing Ray (safe; 1% risk of failure)
Press: ? - help, Shift-Dir - straight line, f/p - orc warrior
Aim: an orc warrior, wielding a +2 heavy scimitar and wearing a +0 plate armour (moderately wounded, strong, slow, 83% to hit)
The searing ray hits the orc warrior!
The orc warrior is severely wounded. (Press . to maintain the ray.)
The searing ray hits the orc warrior!
You kill the orc warrior!
Vehumet accepts your kill.
You feel your power returning.
You start resting.
Magic restored.
You start resting.
HP restored.
Things that are here:
a +2 heavy scimitar; a +0 plate armour; an orc corpse
There is a staircase to the Orcish Mines here.
You climb downwards.
Welcome back to the Orcish Mines!
The orc shouts!
The two-headed ogre closely misses you. You block the two-headed ogre's attack.
The orc hits you with a +0 flail.
The orc knight hits you with a +2 dire flail!!
Ouch! That really hurt!
An orc comes into view. It is wielding a +0 dagger.
The orc knight roars a battlecry!
The orcs go into a battle-frenzy!
The orc misses you.
There is a staircase back to the Dungeon, spattered with blood here.
The two-headed ogre hits you with a +0 giant spiked club!!
Ouch! That really hurt!
You die...

#..........#......
......#.......##..
#.................
##................
.......#..........
..................
.......[.......#..
......O...........
.......@>.........
......oo..........
........o.........
..................
..............o.8
...........8O.8..
................
#........#.....


You could see an orc knight, a two-headed ogre, an ogre and 3 orcs.

Vanquished Creatures
  A two-headed ogre (D:10)
  A black mamba (Lair:1)
  A cane toad (Lair:1)
  Maggie (D:7)
  An unseen horror (D:11)
  A gargoyle (D:11)
  A kobold demonologist (D:10)
  3 komodo dragons
  2 shadows (D:11)
  8 yaks
  A wraith (D:11)
  2 wyverns
  A basilisk (Lair:1)
  3 steam dragons
  Grum (D:11)
  A two-headed ogre zombie (D:11)
  2 vampire mosquitoes (D:11)
  A warg (D:11)
  4 water moccasins
  2 acid dragons (D:10)
  6 orc warriors
  A black bear (D:8)
  A sky beast (D:7)
  An ogre (D:4)
  2 wolves (D:11)
  5 centaurs
  A kobold brigand (D:10)
  4 bullfrogs
  2 gnoll sergeants
  2 scorpions
  6 wights
  4 troll zombies (D:11)
  17 killer bees
  4 howler monkeys
  A jelly (D:7)
  5 hounds
  3 quasits (D:5)
  Crazy Yiuf (D:2)
  9 orc priests
  A sleepcap (D:7)
  Ijyb (D:3)
  6 orc wizards
  3 ogre zombies (D:11)
  14 gnolls
  4 adders
  3 shadow imps
  4 white imps
  2 ufetubi (D:5)
  4 dart slugs
  24 orcs
  5 ball pythons
  2 bats
  5 endoplasms
  2 giant cockroaches
  5 goblins
  4 hobgoblins
  4 quokkas
  4 frilled lizards
  A goblin skeleton (D:11)
  A goblin zombie (D:11)
  4 hobgoblin zombies (D:11)
  10 kobolds
  5 orc skeletons (D:11)
  13 orc zombies (D:11)
  5 rats
249 creatures vanquished.

Vanquished Creatures (collateral kills)
  A wight (D:8)
  A killer bee (D:11)
  A kobold (D:10)
3 creatures vanquished.

Vanquished Creatures (others)
  An orc skeleton (D:11)
  9 demonic plants (D:5)
  22 fulminant prisms
  9 fungi
  6 plants
47 creatures vanquished.

Grand Total: 299 creatures vanquished

Notes
Turn   | Place    | Note
-------+----------+-------------------------------------------
     0 | D:1      | Jossarian the Spriggan Conjurer began the quest for the
                  | Orb.
     0 | D:1      | Reached XP level 1. HP: 9/9 MP: 5/5
   261 | D:1      | Reached XP level 2. HP: 13/13 MP: 2/6
   301 | D:1      | Learned a level 2 spell: Searing Ray
   587 | D:1      | Reached skill level 3 in Spellcasting
   897 | D:2      | You fall into a shaft and drop 1 floor!
   911 | D:3      | Found Joafig's Magic Scroll Boutique.
   970 | D:3      | Bought a scroll of identify for 26 gold pieces
  1002 | D:3      | Noticed Ijyb
  1098 | D:3      | Reached XP level 3. HP: 16/16 MP: 6/8
  1154 | D:3      | Found a large runed translucent door.
  1155 | D:3      | Found a large runed translucent door.
  1500 | D:2      | Found a runed translucent door.
  1501 | D:2      | Noticed Crazy Yiuf
  1704 | D:2      | Learned a level 3 spell: Mephitic Cloud
  1962 | D:2      | Killed Crazy Yiuf
  1963 | D:2      | Reached XP level 4. HP: 21/21 MP: 5/10
  2463 | D:3      | Paralysed by Ijyb for 5 turns
  2492 | D:3      | Paralysed by Ijyb for 2 turns
  2517 | D:3      | Paralysed by Ijyb for 3 turns
  2540 | D:3      | Killed Ijyb
  2541 | D:3      | Reached skill level 4 in Spellcasting
  2805 | D:3      | Found a blossoming altar of Fedhas.
  2811 | D:3      | Found a white marble altar of Elyvilon.
  3255 | D:4      | Reached XP level 5. HP: 24/24 MP: 9/12
  3555 | D:4      | Noticed an ogre
  3571 | D:4      | Killed an ogre
  3727 | D:5      | Entered Level 5 of the Dungeon
  3867 | D:5      | Reached XP level 6. HP: 28/28 MP: 8/14
  4101 | D:5      | Reached skill level 5 in Spellcasting
  4755 | D:5      | Reached skill level 1 in Throwing
  4755 | D:5      | Reached skill level 5 in Conjurations
  5110 | D:5      | Reached XP level 7. HP: 32/32 MP: 6/16
  5318 | D:5      | Reached skill level 6 in Spellcasting
  6134 | D:6      | Noticed a gargoyle
  6493 | D:6      | Reached skill level 1 in Poison Magic
  7013 | D:6      | Reached skill level 7 in Spellcasting
  7108 | D:6      | Found a staircase to the Ecumenical Temple.
  7118 | Temple   | Entered the Ecumenical Temple
  7135 | Temple   | Became a worshipper of Vehumet
  7698 | D:7      | Reached XP level 8. HP: 36/36 MP: 20/20
  7950 | D:7      | Noticed Maggie
  8290 | D:7      | Noticed a gargoyle
  8291 | D:7      | Found a hazy altar of Hepliaklqana.
  8482 | D:7      | Killed Maggie
  8483 | D:7      | Reached skill level 8 in Spellcasting
  8645 | D:7      | Found a faded altar of an unknown god.
  8955 | D:7      | Reached skill level 1 in Air Magic
  9603 | D:7      | Learned a level 2 spell: Call Imp
  9763 | D:8      | Reached XP level 9. HP: 39/39 MP: 17/22
  9834 | D:8      | Identified the +1 dagger of Corporal Punishment {freeze,
                  | rPois Stlth+}
 10835 | D:9      | Noticed Amaemon
 10835 | D:9      | Noticed an orange demon
 10946 | D:9      | Reached skill level 9 in Spellcasting
 11260 | D:9      | Reached skill level 1 in Summonings
 11492 | D:10     | Entered Level 10 of the Dungeon
 11581 | D:10     | Noticed a two-headed ogre
 11976 | D:9      | Reached skill level 10 in Spellcasting
 12203 | D:9      | Reached * piety under Vehumet
 12203 | D:9      | Offered knowledge of Freeze by Vehumet.
 12328 | D:9      | Learned a level 1 spell: Freeze
 12986 | D:8      | Reached XP level 10. HP: 44/44 MP: 25/25
 14025 | D:10     | Noticed a sixfirhy
 14081 | D:10     | Reached ** piety under Vehumet
 14081 | D:10     | Offered knowledge of Shock by Vehumet.
 14191 | D:10     | Learned a level 1 spell: Shock
 14195 | D:10     | Learned a level 3 spell: Summon Guardian Golem
 14233 | D:10     | Reached skill level 11 in Spellcasting
 14349 | D:10     | Found a staircase to the Lair.
 14564 | D:10     | Learned a level 1 spell: Slow
 15120 | D:10     | Killed a two-headed ogre
 15121 | D:10     | Reached skill level 1 in Hexes
 15243 | D:10     | Found Uxtemo's Weapon Emporium.
 15399 | Lair:1   | Entered Level 1 of the Lair of Beasts
 15458 | Lair:1   | Noticed a black mamba
 15474 | Lair:1   | Killed a black mamba
 15631 | Lair:1   | Learned a level 4 spell: Fulminant Prism
 15666 | Lair:1   | Reached skill level 12 in Spellcasting
 16278 | Lair:1   | Noticed a cane toad
 16310 | Lair:1   | Killed a cane toad
 16310 | Lair:1   | Offered knowledge of Stone Arrow by Vehumet.
 16371 | Lair:1   | Learned a level 3 spell: Stone Arrow
 16411 | Lair:1   | Reached XP level 11. HP: 47/47 MP: 28/28
 16693 | Lair:2   | Noticed Gastronok
 16983 | D:11     | Noticed Grum
 17221 | D:11     | Reached skill level 13 in Spellcasting
 17356 | D:11     | Reached *** piety under Vehumet
 17511 | D:11     | Killed Grum
 17699 | D:11     | Reached skill level 1 in Earth Magic
 17859 | D:11     | Learned a level 5 spell: Fireball
 17865 | D:11     | Learned a level 5 spell: Iskenderun's Battlesphere
 18008 | D:11     | Offered knowledge of Olgreb's Toxic Radiance by Vehumet.
 18065 | D:11     | Reached skill level 5 in Stealth
 18065 | D:11     | Reached skill level 5 in Hexes
 18575 | D:11     | Reached **** piety under Vehumet
 18654 | D:11     | Found a staircase to the Orcish Mines.
 18955 | D:11     | Offered knowledge of Irradiate by Vehumet.
 19259 | Orc:1    | Entered Level 1 of the Orcish Mines
 19274 | Orc:1    | Noticed an orc knight
 19282 | Orc:1    | Noticed an orc high priest
 19410 | Orc:1    | Noticed a two-headed ogre
 19454 | Orc:1    | Mangled by a two-headed ogre

Illustrated notes

Levels and vault maps discovered:
D:1:      dpeg_arrival_signposts, layout_rooms, minmay_3d_cube
D:2:      layout_rooms, minmay_pentomino_v2, uniq_crazy_yiuf_cottage
D:3:      layout_loops_ring, jmf_multi_god_temple2, serial_shops,
          nicolae_shop_waterfront, wander_ebering_terrifying_dragon_lair,
          uniq_ijyb
D:4:      layout_loops_cross, wad_orctagon
D:5:      layout_basic, serial_demonic, serial_demonic_c, serial_demonic_e,
          serial_demonic_d, serial_demonic_e, serial_demonic_g, serial_demonic_g
D:6:      layout_loops_corners, minmay_temple_entry_gardened_gates
D:7:      layout_loops_ring, beargit_hepliaklqana_dungeon_heroes, uniq_maggie
D:8:      layout_cave_pods
D:9:      layout_roguey, minmay_hedge_maze, grunt_decor_clamped, uniq_amaemon
D:10:     layout_cross, lair_entry_dummy, serial_shops, shop_fountains,
          hangedman_decor_opposing, minmay_diced_spiral
D:11:     layout_small_grid, zombieorc2_lemuel, uniq_grum
Temple:   nicolae_temple_bog_church
Lair:1:   layout_roguey, grunt_megastairs_5, serial_bayou_shore_b
Lair:2:   nzn_winding_woodlands_large [nzn_winding_woodlands_hourglass,
          nzn_winding_woodlands_5x15_lazy_stream,
          nzn_winding_woodlands_5x5_perimeter,
          nzn_winding_woodlands_center_pierced_h,
          nzn_winding_woodlands_15x15_thick_spiral,
          nzn_winding_woodlands_center_garden, nzn_winding_woodlands_5x5_cross,
          nzn_winding_woodlands_5x15_river_crossing,
          nzn_winding_woodlands_5x5_closed_star], layout_loops_ring,
          hellmonk_spider_entry_not_the_bees, lemuel_fruit_tree,
          infiniplex_staircase_pool_2, uniq_gastronok, uniq_sonja
Orc:1:    layout_caves, bh_open_orc_temple

Skill      XL: |  1  2  3  4  5  6  7  8  9 10 11 |
---------------+----------------------------------+-----
Conjurations   | 3 4 5 6 7 8 |  8.5
Spellcasting   | 3 4 5 7 8 10 12 13 | 13.5
Dodging        | 3 4 |  4.4
Throwing       | 1 2 |  2.6
Poison Magic   | 2 3 4 |  4.3
Stealth        | 4 5 |  5.0
Air Magic      | 1 3 4 |  4.1
Summonings     | 1 2 |  2.0
Hexes          | 3 5 |  5.5
Earth Magic    | 1 |  1.4
Shields        | |  0.2
Fire Magic     | |  0.3
Ice Magic      | |  0.8
Evocations     | |  0.5

Action                     |  1- 3 |  4- 6 |  7- 9 | 10-12 || total
---------------------------+-------+-------+-------+-------++-------
  Melee: Dagger            |       |       |     2 |     1 ||     3
  Throw: Dart              |     2 |    12 |    10 |     1 ||    25
         Stone             |       |     3 |       |       ||     3
   Cast: Magic Dart        |    54 |    61 |    71 |    24 ||   210
         Searing Ray       |    11 |    26 |   100 |    76 ||   213
         Mephitic Cloud    |       |     2 |    75 |    64 ||   141
         Call Imp          |       |       |    11 |     3 ||    14
         Slow              |       |       |       |    84 ||    84
         Shock             |       |       |       |    64 ||    64
         Summon Guardian G |       |       |       |     8 ||     8
         Stone Arrow       |       |       |       |    34 ||    34
         Fulminant Prism   |       |       |       |    23 ||    23
         Freeze            |       |       |       |     5 ||     5
         Fireball          |       |       |       |     9 ||     9
         Iskenderun's Batt |       |       |       |     3 ||     3
  Evoke: Wand              |     1 |     2 |       |       ||     3
    Use: Scroll            |     6 |     7 |     8 |     6 ||    27
         Potion            |       |     1 |       |     1 ||     2
 Armour: Robe              |       |     2 |     3 |     8 ||    13
  Dodge: Dodged            |     4 |     4 |    33 |    54 ||    95
  Block: Other             |       |       |       |    13 ||    13
         Reflection        |       |       |       |     3 ||     3

Table legend: (Time is in decaauts)
 A = Elapsed time spent in this place.
 B = Non-inter-level travel time spent in this place.
 C = Inter-level travel time spent in this place.
 D = Time resting spent in this place.
 E = Time spent auto-exploring this place.
 F = Levels seen in this place.
 G = Mean time per level.
                   A        B        C        D        E       F      G
               +--------+--------+--------+--------+--------+-----+--------+
         Total |  15176 |  10551 |   4625 |   7076 |      0 |  15 | 1011.7 |
       Dungeon |  13884 |   9509 |   4375 |   6399 |      0 |  11 | 1262.2 |
        Temple |     18 |      3 |     15 |      0 |      0 |   1 |   18.0 |
          Lair |   1248 |   1016 |    232 |    677 |      0 |   2 |  624.0 |
  Orcish Mines |     25 |     23 |      2 |      0 |      0 |   1 |   25.0 |
               +--------+--------+--------+--------+--------+-----+--------+

Top non-repeatable levels by time:
     D:5: 1923 daAuts
    D:11: 1854 daAuts
     D:7: 1684 daAuts
     D:9: 1654 daAuts
    D:10: 1450 daAuts
     D:8: 1432 daAuts
  Lair:1: 1208 daAuts
     D:6: 1123 daAuts
     D:3: 960 daAuts
     D:1: 619 daAuts
     D:4: 606 daAuts
     D:2: 574 daAuts
  Lair:2: 40 daAuts
   Orc:1: 25 daAuts
  Temple: 18 daAuts
